 Dungeon Sprint DCSS version 0.21-a0-270-g8204059 (webtiles) character file.

9462 potatolord6000 the Blocker (level 11, -4/114 HPs)
             Began as a Deep Dwarf Fighter on Sept 13, 2017.
             Was an Initiate of Gozag.
             Slain by an orc knight
             ... wielding a +3 long sword of freezing
              (8 damage)
             ... in the Dungeon (Sprint IX: "|||||||||||||||||||||||||||||").
             The game lasted 00:14:13 (1742 turns).

potatolord6000 the Blocker (Deep Dwarf Fighter)     Turns: 1742, Time: 00:14:14

Health: -4/114     AC: 22    Str: 26    XL:     11   Next: 23%
Magic:  20/22      EV:  7    Int: 12    God:    Gozag
Gold:   752        SH: 24    Dex: 15    Spells: 31/31 levels left

rFire    + + .     SeeInvis .   n - +1 broad axe (chop)
rCold    . . .     Gourm    .   c - +4 shield
rNeg     . . .     Faith    .   x - +0 plate armour "Edeufoit" {rElec MR+ Stlth+} (curse)
rPois    .         Spirit   .   o - +0 helmet
rElec    +         Reflect  +   t - +0 cloak
rCorr    .         Harm     .   a - +0 pair of gloves
MR       ++...     NoTele   +   w - +0 pair of boots
Stlth    ..........             d - amulet of Hauleesye {Reflect rF++ Dex+3 SH+6}
HPRegen  0.00/turn              b - +3 ring of strength
MPRegen  0.18/turn              q - +3 ring of intelligence

@: non-regenerating
A: damage resistance, heal wounds, sense surroundings 2, no regeneration
a: Heal Wounds, Potion Petition, Call Merchant, Bribe Branch, Renounce Religion


You were in the Dungeon.
You worshipped Gozag.
Gozag was pleased with you.
You were very full.

You visited 1 branch You collected 5200 gold pieces.
You spent 2561 gold pieces at shops.
You paid 1887 gold pieces to Gozag.

Inventory:

Hand Weapons
 n - a +1 broad axe of chopping (weapon)
Armour
 a - a +0 pair of gloves (worn)
 c - a +4 shield (worn)
 o - a +0 helmet (worn)
 t - a +0 cloak (worn)
 w - a +0 pair of boots (worn)
 x - the cursed +0 plate armour "Edeufoit" (worn) {rElec MR+ Stlth+}
   (You bought it in a shop in the Dungeon)

   It insulates you from electricity.
   It affects your resistance to hostile enchantments.
   It makes you more stealthy.
   It has a curse placed upon it.
Jewellery
 b - a +3 ring of strength (left hand)
 d - the amulet of Hauleesye (around neck) {Reflect rF++ Dex+3 SH+6}
   (You bought it in a shop in the Dungeon)

   [amulet of reflection]

   It shields you and reflects attacks.
   It affects your dexterity (+3).
   It greatly protects you from fire.
   It affects your SH (+6).
 q - a +3 ring of intelligence (right hand)
Scrolls
 k - a scroll of blinking
 l - 3 scrolls of remove curse
 m - 3 scrolls of amnesia
 u - a scroll of recharging
 v - 2 scrolls of fear
Potions
 e - 4 potions of curing
 g - a potion of agility
 i - 4 potions of magic
 j - a potion of berserk rage
 r - a potion of brilliance
Comestibles
 f - 40 fruits
 h - 12 bread rations
 s - 12 meat rations


   Skills:
 + Level 11.8 Fighting
 + Level 13.6 Axes
 + Level 13.7 Armour
 + Level 13.7 Shields
 + Level 10.6 Spellcasting


You had 31 spell levels left.
You didn't know any spells.

Dungeon Overview and Level Annotations

Branches:
Dungeon (1/1)

Altars:
Cheibriados
Dithmenos
Elyvilon
Fedhas
Gozag
Hepliaklqana
Kikubaaqudgha
Makhleb
Nemelex Xobeh
Okawaru
Qazlal
Ru
Sif Muna
Trog
Uskayaw
Vehumet
Wu Jian
Xom
Yredelemnul
Zin
The Shining One
Beogh
Jiyva
Lugonu

Shops:
D %=[


Innate Abilities, Weirdness & Mutations

You are resistant to damage.
You can heal yourself by infusing magical energy.
You passively map the area around you.
You do not regenerate.


Message History

You hit the orc knight but do no damage.
The orc knight is lightly wounded.
The orc knight hits you with a long sword of freezing!
* * * LOW HITPOINT WARNING * * *
The orc knight freezes you.
Unknown command.
You barely miss the orc knight.
The orc knight is lightly wounded.
The orc knight no longer looks unusually strong.
The orc knight is no longer distracted by gold.
The orc no longer looks unusually strong.
The orc knight hits you with a long sword of freezing!!
* * * LOW HITPOINT WARNING * * *
The orc knight freezes you.
You slice the orc knight!!
The orc knight is heavily wounded.
The orc no longer looks unusually strong.
The orc knight hits you with a long sword of freezing!
You die...
Your body crumbles into a pile of gold.

)|..'________________________'...
▓▓▓▓▓▓▓▓▓▓▓▓▓▓▓▓▓▓▓▓▓▓▓▓▓▓▓▓▓▓▓▓▓
.................................
▓▓▓▓▓▓▓▓▓▓▓▓▓▓▓▓▓▓▓▓▓▓▓▓▓▓▓▓▓▓▓▓▓
....'..∩∩.....'.........'......).
▓▓▓▓▓▓▓▓▓▓▓▓▓▓▓▓▓▓▓▓▓▓▓▓▓▓▓▓▓▓▓▓▓
.................................
▓▓▓▓▓▓▓▓▓▓▓▓▓▓▓▓▓▓▓▓▓▓▓▓▓▓▓▓▓▓▓▓▓


$$$$$ $$$$$$oooo@$$........).)))' * *** ▓▓▓▓▓▓▓▓▓▓▓▓▓▓▓▓▓▓▓▓▓▓▓▓ , , , , , *
**** * * * + , , , , * * ** * * *** * ,, ,,, , ,, , , , , * * *** * * , , ,,+ ,
, , , You could see 2 orc knights and 2 orcs.

Vanquished Creatures
  Josephine (D)
  A hydra (D)
  A centaur warrior (D)
  5 orc knights (D)
  A rime drake (D)
  A komodo dragon (D)
  A troll (D)
  A polar bear (D)
  2 blink frogs (D)
  A hippogriff (D)
  4 wraiths (D)
  4 yaks (D)
  4 wargs (D)
  A hell hound (D)
  3 water moccasins (D)
  6 orc warriors (D)
  A phantom (D)
  3 wolves (D)
  An ogre (D)
  A crocodile (D)
  6 bullfrogs (D)
  A crimson imp (D)
  A jelly (D)
  4 orc priests (D)
  5 orc wizards (D)
  2 adders (D)
  An adder skeleton (D)
  A leopard gecko (D)
  2 orcs (D)
  2 bats (D)
  A giant cockroach (D)
  A jackal (D)
  A kobold (D)
  A ball python (D)
  A giant cockroach zombie (D)
  A rat (D)
74 creatures vanquished.

Notes
Turn   | Place    | Note
-------+----------+-------------------------------------------
     0 | D        | potatolord6000 the Deep Dwarf Fighter began the quest for the Orb.
     0 | D        | Reached XP level 1. HP: 20/20 MP: 1/1
    22 | D        | Reached skill level 1 in Spellcasting
   132 | D        | Noticed a phantom
   132 | D        | Noticed an ogre
   138 | D        | Killed an ogre
   138 | D        | Reached skill level 5 in Armour
   138 | D        | Reached skill level 5 in Shields
   138 | D        | Reached XP level 2. HP: 24/30 MP: 2/5
   138 | D        | Reached XP level 3. HP: 29/36 MP: 2/7
   138 | D        | Reached XP level 4. HP: 35/44 MP: 2/8
   140 | D        | Killed a phantom
   140 | D        | Reached skill level 5 in Fighting
   140 | D        | Reached skill level 5 in Axes
   140 | D        | Reached XP level 5. HP: 41/52 MP: 2/10
   150 | D        | Found a roughly hewn altar of Beogh.
   150 | D        | Found a snail-covered altar of Cheibriados.
   150 | D        | Found a shadowy altar of Dithmenos.
   150 | D        | Found a white marble altar of Elyvilon.
   150 | D        | Found a blossoming altar of Fedhas.
   150 | D        | Found an opulent altar of Gozag.
   151 | D        | Found a hazy altar of Hepliaklqana.
   152 | D        | Found a viscous altar of Jiyva.
   153 | D        | Found an ancient bone altar of Kikubaaqudgha.
   154 | D        | Found a corrupted altar of Lugonu.
   155 | D        | Found a burning altar of Makhleb.
   156 | D        | Found a sparkling altar of Nemelex Xobeh.
   157 | D        | Found an iron altar of Okawaru.
   158 | D        | Became a worshipper of Gozag Ym Sagoz the Greedy
   159 | D        | Found a stormy altar of Qazlal.
   160 | D        | Found a sacrificial altar of Ru.
   161 | D        | Found a deep blue altar of Sif Muna.
   162 | D        | Found a bloodstained altar of Trog.
   163 | D        | Found a hide-covered altar of Uskayaw.
   164 | D        | Found a radiant altar of Vehumet.
   165 | D        | Found an ornate altar of the Wu Jian Council.
   166 | D        | Found a shimmering altar of Xom.
   167 | D        | Found a basalt altar of Yredelemnul.
   168 | D        | Found a glowing silver altar of Zin.
   169 | D        | Found a glowing golden altar of the Shining One.
   346 | D        | Reached XP level 6. HP: 53/62 MP: 10/12
   467 | D        | Noticed a troll
   467 | D        | Noticed a centaur warrior
   467 | D        | Noticed a hippogriff
   473 | D        | Killed a hippogriff
   473 | D        | Reached skill level 5 in Spellcasting
   473 | D        | Reached XP level 7. HP: 67/70 MP: 13/15
   482 | D        | Killed a centaur warrior
   482 | D        | Reached XP level 8. HP: 54/81 MP: 14/18
   490 | D        | Killed a troll
   496 | D        | Reached skill level 10 in Shields
   636 | D        | Noticed a blink frog
   636 | D        | Noticed a komodo dragon
   642 | D        | Noticed a blink frog
   642 | D        | Reached skill level 10 in Armour
   643 | D        | Noticed a polar bear
   651 | D        | Reached skill level 10 in Axes
   654 | D        | Killed a blink frog
   654 | D        | Gained mutation: You passively map the area around you. [Deep Dwarf growth]
   654 | D        | Reached XP level 9. HP: 65/90 MP: 19/19
   662 | D        | Killed a komodo dragon
   674 | D        | Killed a polar bear
   709 | D        | Noticed a rime drake
   711 | D        | Noticed a six-headed hydra
   715 | D        | Killed a rime drake
   726 | D        | HP: 1/93 [11-headed hydra (11)]
   755 | D        | Killed a 19-headed hydra
   755 | D        | Reached skill level 10 in Fighting
   755 | D        | Reached XP level 10. HP: 45/102 MP: 20/20
   801 | D        | Bought the amulet of Hauleesye {Reflect rF++ Dex+3 SH+6} for 1339 gold pieces
  1291 | D        | Noticed Josephine
  1311 | D        | Killed Josephine
  1460 | D        | Bought the cursed +0 plate armour "Edeufoit" {rElec MR+ Stlth+} for 636 gold pieces
  1473 | D        | Noticed an orc knight
  1498 | D        | Killed an orc knight
  1498 | D        | Reached skill level 10 in Spellcasting
  1559 | D        | Bought the +2 hat of the Bear Spirit {Spirit, +Rage rN+ MR++} for 586 gold pieces
  1559 | D        | Found the +2 hat of the Bear Spirit {Spirit, +Rage rN+ MR++}
  1650 | D        | Noticed an orc knight
  1663 | D        | Noticed an orc knight
  1667 | D        | Killed an orc knight
  1667 | D        | Reached XP level 11. HP: 109/111 MP: 7/22
  1668 | D        | Noticed an orc knight
  1673 | D        | Noticed an orc knight
  1688 | D        | Noticed an orc knight
  1692 | D        | Noticed an orc knight
  1706 | D        | Killed an orc knight
  1728 | D        | Killed an orc knight
  1738 | D        | Killed an orc knight
  1741 | D        | HP: 4/114 [orc knight/long sword of freezing (27)]
  1742 | D        | Slain by an orc knight

Vault maps used:
D:        linesprint

Skill      XL: |  1  2  3  4  5  6  7  8  9 10 |
---------------+-------------------------------+-----
Spellcasting   | 2 3 4 5 6 7 8 10 | 10.6
Fighting       | 4 5 6 7 8 10 11 | 11.8
Axes           | 4 5 6 7 9 10 11 13 | 13.6
Armour         | 5 6 7 8 9 10 11 13 | 13.7
Shields        | 5 6 7 8 9 10 11 13 | 13.7

Action                   |  1- 3 |  4- 6 |  7- 9 | 10-12 || total
-------------------------+-------+-------+-------+-------++-------
Melee: War axe           |    26 |     5 |       |       ||    31
       Broad axe         |       |    23 |    89 |   218 ||   330
Invok: Call Merchant     |       |       |       |     3 ||     3
 Abil: Heal Wounds       |     1 |     2 |     6 |     9 ||    18
  Use: Potion            |     1 |     1 |    10 |     1 ||    13
       Scroll            |       |       |     7 |       ||     7
 Stab: Distracted        |       |       |     1 |     1 ||     2
       Invisible         |       |       |     1 |       ||     1
  Eat: Meat ration       |       |       |       |     1 ||     1
       Bread ration      |       |       |       |     1 ||     1
Armor: Scale mail        |    11 |     8 |    72 |    10 ||   101
       Plate armour      |       |       |       |     6 ||     6
Dodge: Dodged            |    11 |     8 |    65 |    12 ||    96
Block: Shield            |    17 |    17 |   104 |   154 ||   292
       Reflection        |       |       |       |     1 ||     1

Table legend:
 A = Spawn XP
 B = Non-spawn XP
 C = Spawn XP percentage of total XP
 D = Spawn monster count
 E = Non-spawn monster count
 F = Spawn count percentage of total count
 G = Total turns spent on level
                    A         B        C        D         E        F      G
               +---------+---------+-------+---------+---------+-------+---------
         Total |       0 |   13518 |   0.0 |       0 |      74 |   0.0 |  1742
               +---------+---------+-------+---------+---------+-------+---------
             D |       0 |   13518 |   0.0 |       0 |      74 |   0.0 |  1742
               +---------+---------+-------+---------+---------+-------+---------
